 Dungeon Crawl Stone Soup version 0.31.0-4-g52a2dc7128 (webtiles) character file.

Game seed: 4686641318534726631

277509 Nonny the Acrobat (level 20, -14/180 HPs)
             Began as a Merfolk Gladiator on Jan 22, 2024.
             Was the Champion of Dithmenos.
             Demolished by a deep elf annihilator simulacrum (41 damage)
             ... summoned by a curse skull
             ... on level 3 of the Vaults.
             The game lasted 02:45:30 (37729 turns).

Nonny the Acrobat (Merfolk Gladiator)              Turns: 37729, Time: 02:45:31

Health: -14/180    AC: 14    Str: 14    XL:     20   Next: 80%
Magic:  32/32      EV: 40    Int:  9    God:    Dithmenos [******]
Gold:   1682       SH: 11    Dex: 35    Spells: 19/19 levels left

rFire   + + +        a - +4 scimitar (flame)
rCold   . . .        T - +2 buckler of Devotion {*Corrode Dex+4}
rNeg    . . .        y - +0 leather armour "Zymp" {rElec rF+++ Regen+ Str-2}
rPois   +            c - +1 helmet
rElec   +            Y - +2 cloak {rPois}
rCorr   +            F - +2 pair of gloves of the Desolation of Salt {+Inv MP+9 Stlth+}
SInv    .            N - +1 pair of boots {Stlth+}
Will    +....        (no amulet) Stlth #*********
                     M - +6 ring of dexterity
HPRegen 1.30/turn    U - ring "Utiufek" {rCorr Dex+4}
MPRegen 0.23/turn

%: corrode self (3%)
@: wreathed by umbra
A: (nimble swimmer 2), mertail
}: 1/15 runes: gossamer
a: Renounce Religion, Evoke Invisibility, Shadow Step, Shadow Form


You were on level 3 of the Vaults.
You worshipped Dithmenos.
Dithmenos was exalted by your worship.
You visited 6 branches of the dungeon, and saw 31 of its levels.
You also visited: Ossuary and Ice Cave.

You collected 4334 gold pieces.
You spent 2652 gold pieces at shops.

Inventory:

Hand Weapons
 a - a +4 scimitar of flaming (weapon)
 V - a +3 heavy scimitar
Missiles
 d - 7 throwing nets
 e - 4 javelins
 f - 135 stones (quivered)
 i - 5 curare-tipped darts
 j - 49 poisoned darts
 t - 3 silver javelins
 K - 25 boomerangs
 O - 4 datura-tipped darts
Armour
 c - a +1 helmet (worn)
 y - the +0 leather armour "Zymp" (worn) {rElec rF+++ Regen+ Str-2}
   (You bought it in a shop on level 4 of the Dungeon)

   Str-2:     It affects your strength (-2).
   rF+++:     It renders you almost immune to fire.
   rElec:     It insulates you from electricity.
   Regen+:    It increases your rate of health regeneration.
 F - the +2 pair of gloves of the Desolation of Salt (worn) {+Inv MP+9 Stlth+}
   (You took it off Nikola on level 2 of the Spider Nest)

   MP+9:      It affects your magic capacity (+9).
   +Inv:      It lets you turn invisible.
   Stlth+:    It makes you more stealthy.
 N - a +1 pair of boots of stealth (worn)
 T - the +2 buckler of Devotion (worn) {*Corrode Dex+4}
   (You found it on level 4 of the Lair of Beasts)

   Dex+4:     It affects your dexterity (+4).
   *Corrode:  It may corrode you when you take damage.
 Y - a +2 cloak of poison resistance (worn)
Jewellery
 h - a ring of positive energy
 q - a ring of protection from cold
 r - the ring "Kyuroam" {Wiz rC- rN+ Will+ Dex+2}
   (You found it in an ice cave)

   [ring of wizardry]

   Wiz:       It improves your spell success rate.
   Dex+2:     It affects your dexterity (+2).
   rC-:       It makes you vulnerable to cold.
   rN+:       It protects you from negative energy.
   Will+:     It increases your willpower.
 s - a ring of see invisible
 M - a +6 ring of dexterity (left hand)
 U - the ring "Utiufek" (right hand) {rCorr Dex+4}
   (You found it on level 5 of the Lair of Beasts)

   [ring of resist corrosion]

   Dex+4:     It affects your dexterity (+4).
   rCorr:     It protects you from acid and corrosion.
Wands
 m - a wand of flame (64)
 n - a wand of polymorph (15)
 z - a wand of paralysis (30)
 E - a wand of acid (11)
 R - a wand of mindburst (17)
 X - a wand of roots (14)
 Z - a wand of digging (3)
Scrolls
 b - 3 scrolls of noise
 g - 16 scrolls of fog
 l - 5 scrolls of fear
 w - 2 scrolls of silence
 A - 6 scrolls of teleportation
 C - 3 scrolls of revelation
 I - 3 scrolls of immolation
 S - 2 scrolls of summoning
Potions
 k - 2 potions of resistance
 o - 11 potions of haste
 p - 4 potions of attraction
 u - 5 potions of enlightenment
 v - 10 potions of curing
 B - 4 potions of mutation
 D - 2 potions of might
 J - 9 potions of ambrosia
 Q - 2 potions of magic
 W - 4 potions of cancellation
Miscellaneous
 H - a phial of floods (inert)


   Skills:
 + Level 21.4 Fighting
 + Level 14.8 Long Blades
 - Level 10.0 Throwing
 - Level 6.0 Armour
 - Level 22.0 Dodging
 * Level 20.7 Stealth
 * Level 7.6 Shields
 - Level 5.0 Invocations
 - Level 10.0 Evocations


You had 19 spell levels left.
You didn't know any spells.
Your spell library contained the following spells:

 Spells                   Type           Power      Damage    Failure   Level
 Apportation              Tloc           0%         N/A       54%         1
 Necrotise                Necr           0%         1d4       54%         1
 Shock                    Conj/Air       0%         1d3       54%         1
 Slow                     Hex            0%         N/A       54%         1
 Sting                    Conj/Alch      0%         1d3       54%         1
 Summon Small Mammal      Summ           0%         N/A       54%         1
 Sublimation of Blood     Necr           0%         N/A       67%         2
 Call Canine Familiar     Summ           0%         N/A       88%         3
 Confusing Touch          Hex            0%         N/A       88%         3
 Dazzling Flash           Conj/Hex       0%         N/A       88%         3
 Hailstorm                Conj/Ice       0%         3d5       88%         3
 Sigil of Binding         Hex            0%         N/A       88%         3
 Summon Ice Beast         Ice/Summ       0%         N/A       88%         3
 Swiftness                Air            0%         N/A       88%         3
 Vampiric Draining        Necr           0%         2d6       88%         3
 Volatile Blastmotes      Fire/Tloc      0%         2d10      88%         3
 Airstrike                Air            0%         2d(0-16)  99%         4
 Cause Fear               Hex            0%         N/A       99%         4
 Ignite Poison            Fire/Alch      0%         N/A       99%         4
 Passage of Golubria      Tloc           0%         N/A       99%         4
 Petrify                  Alch/Erth      0%         N/A       99%         4
 Sticky Flame             Fire/Alch      0%         2d4       99%         4
 Summon Blazeheart Golem  Fire/Summ      0%         N/A       99%         4
 Vhi's Electric Charge    Tloc/Air       0%         N/A       99%         4
 Arcjolt                  Conj/Air       0%         1d10      100%        5
 Irradiate                Conj/Alch      0%         3d11      100%        5
 Silence                  Hex/Air        0%         N/A       100%        5
 Plasma Beam              Fire/Air       0%         2x1d10    100%        6
 Sculpt Simulacrum        Ice/Alch       0%         N/A       100%        6
 Starburst                Conj/Fire      0%         6d3       100%        6
 Ozocubu's Refrigeration  Ice            0%         4d7       100%        7
 Discord                  Hex            0%         N/A       100%        8
 Ignition                 Fire           0%         3d3       100%        8
 Lehudib's Crystal Spear  Conj/Erth      0%         10d2      100%        8
 Maxwell's Capacitive Co  Air            0%         ∞         100%        8
 Polar Vortex             Ice            0%         N/A       100%        9


Dungeon Overview and Level Annotations

Branches:
Dungeon (15/15)            Temple (1/1) D:7            Lair (5/5) D:11
 Shoals (0/4) Lair:3       Spider (4/4) Lair:3        Slime (0/5) Lair:4
    Orc (2/2) D:11            Elf (0/3) Orc:2        Vaults (4/5) D:13
  Crypt (0/3) Vaults:3     Depths (0/4) D:15        Ossuary (visited)
  IceCv (visited)

Altars:
Ashenzari
Cheibriados
Dithmenos
Elyvilon
Fedhas
Gozag
Hepliaklqana
Kikubaaqudgha
Makhleb
Nemelex Xobeh
Okawaru
Qazlal
Ru
Sif Muna
Trog
Uskayaw
Vehumet
Wu Jian
Xom
Yredelemnul
Zin
The Shining One
Jiyva

Shops:
D:4 ![=[   D:6 ([***   D:12 *   Orc:2 ([!   Vaults:2 (=   Vaults:3 [[
Vaults:4 *

Annotations:
Orc:1 2 transporters, Xelitey Juot's ghost, novice MiFi
Vaults:1 3 runed translucent doors, trckry's ghost, adept MiFi
Vaults:3 Mennas
Vaults:4 3 runed translucent doors, exclusion: obsidian statue, Dacon's ghost, adept MiGl


Innate Abilities, Weirdness & Mutations

((You are very nimble when in or above water. (Stealth+, EV+, Speed+++)))
Your lower body shifts to a powerful aquatic tail in water.


Message History

Your shadow hits the curse skull but does no damage.
The curse skull rattles its jaw.
Okay, then.
You hit the curse skull but do no damage.
The curse skull is severely damaged.
The curse skull calls on the powers of darkness!
Your body is wracked with pain!
* * * LOW HITPOINT WARNING * * *
You hit the curse skull.
The curse skull is severely damaged.
The curse skull calls on the powers of darkness!
Your body is wracked with pain!
* * * LOW HITPOINT WARNING * * *
The deep elf annihilator simulacrum completely misses you.
You hit the curse skull but do no damage.
The curse skull is severely damaged.
The curse skull rattles its jaw.
Unknown command.
Okay, then.
Okay, then.
Okay, then.
Aiming: Corrosive Bolt
Press: ? - help, Shift-Dir - straight line, f - curse skull
Aim: a curse skull (black smoke, severely damaged, umbra, 98% to hit)
The bolt of acid hits the curse skull but does no damage.
The curse skull is severely damaged.
You block the deep elf annihilator simulacrum's attack.
Unknown command.
Unknown command.
Unknown command.
Aiming: Corrosive Bolt
Press: ? - help, Shift-Dir - straight line, f/p - curse skull
Aim: a curse skull (black smoke, severely damaged, umbra, 98% to hit)
The bolt of acid hits the curse skull.
The acid corrodes the curse skull!
The curse skull is almost destroyed.
The curse skull rattles its jaw.
The deep elf annihilator simulacrum hits you.
* * * LOW HITPOINT WARNING * * *
The deep elf annihilator simulacrum freezes you!!!
You die...

#...........# #.#.....[.#.#
#...........# ###
######'##################### ..#
#........................... [.#
#.........§..§..............
[.####.........ZZ§§..............
[....#........ZzZ§§..............
.....#.......WWz@W§..............
.....#.....#################'####
.....'.....# #.........#
.....#.....# ########..#'#....#
.....#.....# #......#..#.#†##.#
######.....# #......#..#)#..#.#
#.....# #....>.'.#######.#
#.....# #......#.'..#)#..#
######.....# #......#.####.#..#


You could see a flayed ghost (summoned), a curse skull (corroded), a spectral
tengu reaver (summoned), 2 wraiths, a laughing skull (summoned), a deep elf
annihilator simulacrum (summoned), a hell knight simulacrum (summoned) and a
vault warden zombie (summoned).

Vanquished Creatures
  Boris (Vaults:2)
  Saint Roka (D:13)
  Nikola (Spider:2)
  5 sphinxes
  Donald (Vaults:4)
  A fire giant (Vaults:4)
  6 emperor scorpions
  3 ghost moths
  4 vault wardens
  22 ironbound preservers
  3 orc warlords
  6 broodmothers (Spider:4)
  2 formless jellyfish
  A stone giant (Vaults:4)
  2 very ugly things (IceCv)
  8 dire elephants
  6 ironbound thunderhulks
  The ghost of Tollund the Grappler, a journeyman DrSh of Wu Jian (Lair:2)
  A war gargoyle (Vaults:4)
  A minotaur (Lair:2)
  2 crystal guardians
  A spark wasp (Spider:1)
  6 yaktaur captains
  A deep elf high priest (Vaults:4)
  9 entropy weavers
  A caustic shrike simulacrum (IceCv)
  5 great orbs of eyes
  3 peacekeepers
  Erolcha (Orc:1)
  2 rakshasas (D:15)
  6 ironbound frosthearts
  2 hydras
  A catoblepas (D:14)
  3 vault guards
  A merfolk avatar (Lair:5)
  2 ghost crabs (Spider:2)
  2 jorogumos
  10 centaur warriors
  2 radroaches
  8 boulder beetles
  2 two-headed ogres
  A death knight (D:15)
  7 death yaks
  7 demonic crawlers
  A tengu warrior (D:11)
  9 orc high priests
  7 pharaoh ants
  5 skeletal warriors
  3 skysharks
  8 orb spiders
  2 sun moths
  4 harpies
  5 arcanists
  2 orange crystal statues (IceCv)
  4 lindwurms
  20 orc knights
  66 deep trolls
  2 phantasmal warriors
  Pikel (D:7)
  11 ironbound convokers
  9 steelbarb worms
  8 orc sorcerers
  3 deep elf pyromancers
  15 wolf spiders
  15 ugly things
  13 manticores
  4 elephants (Lair:2)
  4 moths of wrath
  4 cyclopes
  4 meliai
  10 vault sentinels
  An eye of devastation (Spider:3)
  5 torpor snails
  4 black mambas
  3 gargoyles
  3 kobold blastminers
  An eye of devastation (shapeshifter) (D:15)
  Jeremiah (D:7)
  13 cane toads
  A kobold demonologist (D:12)
  An unseen horror (D:12)
  6 rime drakes
  An efreet (D:15)
  3 anaconda simulacra (IceCv)
  11 komodo dragons
  Psyche (D:8)
  19 yaktaurs
  5 trolls
  A tengu conjurer (D:15)
  3 golden dragon simulacra (IceCv)
  3 freezing wraiths (IceCv)
  A queen bee (Spider:1)
  3 polar bears
  4 hornets
  A wind drake (Lair:5)
  21 tarantellas
  4 tyrant leeches (Spider:2)
  An alligator simulacrum (IceCv)
  6 dream sheep (Lair:4)
  8 blink frogs
  21 culicivoras
  31 jumping spiders
  36 slime creatures
  2 dire elephant simulacra (IceCv)
  3 shadows
  32 yaks
  2 vampires
  10 humans (D:13)
  3 wraiths
  9 wyverns
  A steam dragon (D:8)
  3 basilisks
  9 wargs
  7 vampire mosquitoes (Spider:2)
  46 redbacks
  An acid dragon (D:13)
  3 harpy simulacra (IceCv)
  9 water moccasins
  A hydra simulacrum (IceCv)
  2 laughing skulls (D:14)
  20 orc warriors
  4 ice beasts
  An ogre (D:6)
  4 black bears
  3 ettin simulacra (IceCv)
  4 boggarts (D:14)
  13 wolves
  5 centaurs
  3 lemures
  The ghost of Bronimir the Insei, an amateur OpSh (D:3)
  A phantom (D:5)
  2 kobold brigands
  16 bullfrogs
  5 scorpions
  2 wights
  44 killer bees
  3 howler monkeys
  2 electric eels
  3 bombardier beetles
  4 hounds
  10 jellies
  A human zombie (Ossuary)
  27 orc priests
  2 sleepcaps
  2 gnoll boudas
  2 iguanas
  Natasha (thrice) (D:2)
  Terence (D:2)
  19 orc wizards
  A statue (D:7)
  A hound zombie (Ossuary)
  4 mummies (Ossuary)
  Robin (D:2)
  11 gnolls
  2 adders
  2 shadow imps (D:5)
  3 white imps
  4 ufetubi
  An adder zombie (Ossuary)
  4 dart slugs
  2 ribbon worms
  99 orcs
  9 ball pythons
  20 endoplasms
  3 giant cockroaches
  A gnoll zombie (Ossuary)
  12 goblins
  13 hobgoblins
  6 jackals
  4 quokkas
  3 bats (D:1)
  3 frilled lizards
  A goblin zombie (Ossuary)
  2 hobgoblin zombies (Ossuary)
  A jackal zombie (Ossuary)
  26 kobolds
  A kobold zombie (Ossuary)
  8 rats
  3 rat zombies (Ossuary)
  A butterfly (Lair:2)
1225 creatures vanquished.

Vanquished Creatures (others)
  An orc knight (D:13)
  A tyrant leech (Spider:2)
  An orc wizard (Orc:2)
3 creatures vanquished.

Grand Total: 1228 creatures vanquished

Notes
Turn   | Place    | Note
-------+----------+-------------------------------------------
     0 | D:1      | Nonny the Merfolk Gladiator began the quest for the Orb.
     0 | D:1      | Reached XP level 1. HP: 16/16 MP: 1/1
    51 | D:1      | Starting vault: 4 downhatches
   103 | D:1      | Reached XP level 2. HP: 21/22 MP: 2/2
   175 | D:1      | +1 whip of venom in south
   276 | D:2      | Reached skill level 1 in Stealth
   324 | D:2      | Noticed Terence
   364 | D:2      | Killed Terence
   365 | D:2      | Reached XP level 3. HP: 22/27 MP: 3/3
   552 | D:2      | Identified the +5 trident of Utaurchau {heavy, Will+ Str+2
                  | Int+3}
   558 | D:2      | Noticed Robin
   583 | D:2      | Killed Robin
   584 | D:2      | Reached XP level 4. HP: 19/33 MP: 4/4
   594 | D:2      | Reached skill level 5 in Dodging
   800 | D:2      | Noticed Natasha
   833 | D:2      | Killed Natasha
   834 | D:2      | Reached skill level 5 in Long Blades
   890 | D:2      | Noticed Natasha
   970 | D:2      | Killed Natasha
   971 | D:2      | Reached XP level 5. HP: 24/38 MP: 5/5
  1189 | D:2      | Noticed Natasha
  1203 | D:2      | Killed Natasha
  1529 | D:1      | +0 whip of elec on kobold
  2087 | D:3      | At least two orc priests!
  2245 | D:3      | Found an ornate altar of the Wu Jian Council.
  2251 | D:3      | A pleasant place. :)
  2446 | D:3      | Reached XP level 6. HP: 9/44 MP: 6/6
  2927 | D:3      | Found a runed translucent gate.
  2927 | D:3      | Found a runed translucent gate.
  2927 | D:3      | Found a runed translucent gate.
  2928 | D:3      | Noticed Bronimir's ghost (amateur OpSh)
  3291 | D:4      | Found Zifogheq's Antique Armour Boutique.
  3292 | D:4      | Found Jytrub's Jewellery Boutique.
  3293 | D:4      | Found Ixkax's Armour Boutique.
  3301 | D:4      | Identified the +8 sling of Diet Blood {flame, rC+ rN++
                  | Str+3}
  3310 | D:4      | Found Upiz's Distillery.
  3515 | D:4      | Reached skill level 6 in Dodging
  3803 | D:4      | Reached XP level 7. HP: 51/51 MP: 7/7
  4133 | D:5      | Entered Level 5 of the Dungeon
  4402 | D:5      | Reached skill level 1 in Armour
  4431 | D:5      | Found a hide-covered altar of Uskayaw.
  4596 | D:5      | Found a sand-covered staircase.
  4604 | D:5      | Ossuary in northeast.
  4605 | Ossuary  | Entered an ossuary
  4606 | Ossuary  | Ossuary entrance: surrounded!
  4618 | Ossuary  | Reached XP level 8. HP: 21/60 MP: 8/8
  5289 | D:6      | Found Qiuwej's Assorted Antiques.
  5313 | D:6      | Bought a scroll of teleportation for 63 gold pieces
  5313 | D:6      | Bought a scroll of teleportation for 63 gold pieces
  5313 | D:6      | Bought a scroll labelled BEUCEV MAPLOH for 21 gold pieces
  5476 | D:6      | Reached skill level 5 in Fighting
  5476 | D:6      | Reached skill level 10 in Long Blades
  5678 | D:6      | Reached XP level 9. HP: 48/68 MP: 9/9
  5742 | D:6      | Found Ewuem's Assorted Antiques.
  5750 | D:6      | Bought a fizzy orange potion for 24 gold pieces
  5750 | D:6      | Bought a knobbly bronze ring for 135 gold pieces
  5909 | D:6      | Found Gegadd's Assorted Antiques.
  6150 | D:6      | Found Rofriere's Armour Shoppe.
  6173 | D:6      | Found Yveeshel's Antique Weapon Shoppe.
  6242 | D:7      | Noticed Pikel
  6405 | D:7      | Killed Pikel
  6477 | D:7      | Found a radiant altar of Vehumet.
  6609 | D:7      | Noticed Jeremiah
  6620 | D:7      | Killed Jeremiah
  6646 | D:7      | +2 robe of cold resistance on Jeremiah
  6725 | D:7      | Found a blossoming altar of Fedhas.
  6728 | D:7      | Noticed a two-headed ogre
  6730 | D:7      | two-headed ogre in west
  6776 | D:7      | Found an ancient bone altar of Kikubaaqudgha.
  6799 | D:7      | Found a staircase to the Ecumenical Temple.
  6808 | Temple   | Entered the Ecumenical Temple
  6809 | Temple   | Temple: cowry shell
  6968 | D:7      | Found a burning altar of Makhleb.
  7243 | D:8      | Noticed Psyche
  7268 | D:8      | Killed Psyche
  7269 | D:8      | Reached skill level 1 in Evocations
  7269 | D:8      | Reached XP level 10. HP: 79/79 MP: 10/10
  7336 | D:8      | Found a sacrificial altar of Ru.
  7371 | D:8      | Found a shadowy altar of Dithmenos.
  7431 | D:8      | Became a worshipper of Dithmenos the Shadowed
  7497 | D:8      | Noticed a centaur warrior
  7599 | D:9      | Hornet + 4 yaks
  7603 | D:8      | Paralysed by a hornet for 1 turns
  8137 | D:9      | Reached skill level 7 in Dodging
  8883 | D:8      | Slime chamber towards center!
  9234 | D:8      | Reached * piety under Dithmenos
  9340 | D:8      | Reached skill level 8 in Dodging
  9501 | D:8      | Killed a centaur warrior
  9502 | D:8      | Reached XP level 11. HP: 55/89 MP: 11/11
  9507 | D:8      | manual of stealth
  9680 | D:8      | Found a hazy altar of Hepliaklqana.
  9680 | D:8      | Found a white marble altar of Elyvilon.
  9681 | D:8      | Found a snail-covered altar of Cheibriados.
  9950 | D:6      | Bought a +0 pair of gloves of hurling for 115 gold pieces
 10041 | D:7      | Killed a two-headed ogre
 10042 | D:7      | Reached skill level 10 in Fighting
 10042 | D:7      | Reached skill level 9 in Dodging
 10575 | D:10     | Entered Level 10 of the Dungeon
 10730 | D:10     | Reached ** piety under Dithmenos
 11169 | D:10     | Identified a scroll of acquirement
 11169 | D:10     | Acquired 886 gold pieces
 11314 | D:4      | Bought the +0 leather armour "Zymp" {rElec rF+++ Regen+
                  | Str-2} for 655 gold pieces
 11337 | D:4      | Bought a potion of heal wounds for 50 gold pieces
 11337 | D:4      | Bought a potion of curing for 30 gold pieces
 11337 | D:4      | Bought a potion of heal wounds for 50 gold pieces
 11337 | D:4      | Bought a potion of haste for 100 gold pieces
 11454 | D:10     | Reached skill level 5 in Throwing
 11569 | D:10     | phial of floods :)
 12313 | D:11     | Found a staircase to the Orcish Mines.
 12314 | D:11     | barding by orcish mines
 12352 | D:11     | Found a staircase to the Lair.
 12352 | D:11     | Noticed a death yak
 12375 | Orc:1    | Entered Level 1 of the Orcish Mines
 12375 | Orc:1    | Noticed an orc knight
 12375 | Orc:1    | Noticed an orc sorcerer
 12409 | D:11     | Reached skill level 10 in Dodging
 12426 | D:11     | Noticed a manticore
 12442 | D:11     | Noticed a manticore
 12499 | D:11     | Noticed a tengu warrior
 12559 | D:11     | Reached skill level 5 in Stealth
 12619 | D:11     | Noticed a manticore
 12628 | D:11     | Killed a manticore
 12667 | D:11     | Noticed a death yak
 12676 | D:11     | Noticed a death yak
 12677 | D:11     | Noticed a death yak
 12677 | D:11     | Noticed a manticore
 12677 | D:11     | Noticed a death yak
 12681 | D:11     | Noticed a death yak
 12682 | D:11     | Noticed a death yak
 12719 | D:10     | Killed a death yak
 12830 | D:12     | Noticed an orc knight
 12830 | D:12     | Noticed an orc sorcerer
 13147 | D:11     | Killed a death yak
 13148 | D:11     | Reached skill level 11 in Dodging
 13148 | D:11     | Reached XP level 12. HP: 100/100 MP: 12/12
 13172 | D:11     | Killed a death yak
 13180 | D:11     | Killed a death yak
 13187 | D:11     | Killed a death yak
 13187 | D:11     | Reached *** piety under Dithmenos
 13410 | D:11     | Reached skill level 12 in Dodging
 13452 | D:11     | Killed a death yak
 13507 | D:11     | Killed a death yak
 13742 | D:11     | Killed a tengu warrior
 13963 | Lair:1   | Entered Level 1 of the Lair of Beasts
 14169 | Lair:1   | Reached skill level 10 in Stealth
 14204 | Lair:1   | Reached skill level 13 in Dodging
 14673 | Lair:2   | Found a runed translucent gate.
 14673 | Lair:2   | Found a runed translucent gate.
 14673 | Lair:2   | Found a runed translucent gate.
 14679 | Lair:2   | Noticed a minotaur
 14683 | Lair:2   | Reached **** piety under Dithmenos
 14706 | Lair:2   | Noticed Tollund's ghost (journeyman DrSh)
 14710 | Lair:2   | Reached XP level 13. HP: 87/111 MP: 13/13
 15974 | Lair:3   | Found a hole to the Spider Nest.
 16044 | Lair:3   | Found a staircase to the Shoals.
 16062 | Lair:3   | Reached ***** piety under Dithmenos
 16067 | Lair:3   | Reached skill level 14 in Dodging
 17048 | Lair:4   | Reached skill level 15 in Stealth
 17120 | Lair:4   | Found a staircase to the Slime Pits.
 17122 | Lair:4   | Found a viscous altar of Jiyva.
 17165 | Lair:4   | Reached skill level 5 in Evocations
 17274 | Lair:4   | Reached XP level 14. HP: 121/121 MP: 14/14
 17283 | Lair:4   | Identified the +2 buckler of Devotion {*Corrode Dex+4}
 17646 | Lair:5   | Entered Level 5 of the Lair of Beasts
 17764 | Lair:5   | Reached skill level 1 in Shields
 18149 | Lair:5   | Reached skill level 15 in Dodging
 18231 | Lair:5   | Identified the ring "Utiufek" {rCorr Dex+4}
 18360 | Lair:5   | Lair endvault: Merfolk avatar flooded ruin. Contains
                  | manticores, hornets, whatnot.
 18589 | D:12     | Reached skill level 15 in Fighting
 18978 | D:13     | Reached ****** piety under Dithmenos
 19342 | D:12     | Found Abuevuet's General Store.
 19348 | D:12     | Bought 3 silver javelins for 378 gold pieces
 19348 | D:12     | Bought a wand of digging (3) for 176 gold pieces
 19581 | D:13     | Found a gate to the Vaults.
 20584 | D:15     | Entered Level 15 of the Dungeon
 20883 | D:15     | Reached XP level 15. HP: 129/129 MP: 15/15
 20888 | D:15     | Reached skill level 5 in Shields
 21098 | D:15     | Reached skill level 16 in Dodging
 21189 | D:15     | Found a hazy altar of Hepliaklqana.
 21328 | D:15     | Found a staircase to the Depths.
 21716 | D:15     | Found a broken altar of Ashenzari.
 22230 | Orc:2    | Entered Level 2 of the Orcish Mines
 22242 | Orc:2    | Found a staircase to the Elven Halls.
 22250 | Orc:2    | Reached skill level 17 in Dodging
 22354 | Orc:2    | Noticed Nessos
 22357 | Orc:2    | Nessos changed into Nessos the yak
 22357 | Orc:2    | Noticed Nessos
 22363 | Orc:2    | Killed Nessos the yak
 22779 | Orc:2    | Found Ibruihin's Distillery.
 22787 | Orc:2    | Bought a potion of experience for 550 gold pieces
 22787 | Orc:2    | Reached XP level 16. HP: 112/139 MP: 16/16
 22788 | Orc:2    | Bought a potion of heal wounds for 55 gold pieces
 22816 | Orc:2    | Found Kerch's Armour Shop.
 22844 | Orc:2    | Found Fykaffup's Antique Weapon Boutique.
 23194 | Orc:2    | Bought a potion of curing for 33 gold pieces
 23284 | Orc:1    | Found a transporter.
 23312 | Orc:1    | Noticed Xelitey Juot's ghost (novice MiFi)
 23318 | Orc:1    | Found a transporter.
 23357 | Orc:1    | Noticed Erolcha
 23366 | Orc:1    | Killed Erolcha
 23569 | Orc:1    | Uncommon hobgoblins in Orcish Mines.
 23927 | Spider:1 | Entered Level 1 of the Spider Nest
 24189 | Spider:1 | Reached skill level 18 in Dodging
 24301 | Spider:1 | BLACK BEAR CORPSES IN BEE VAULT
 24380 | Spider:1 | Reached XP level 17. HP: 139/143 MP: 17/17
 25009 | Spider:1 | Reached skill level 19 in Dodging
 26241 | Spider:2 | Identified the +2 pair of gloves of the Desolation of Salt
                  | {+Inv MP+9 Stlth+}
 26241 | Spider:2 | Noticed Nikola
 26266 | Spider:2 | Killed Nikola
 26267 | Spider:2 | Reached skill level 20 in Dodging
 27962 | Spider:4 | Entered Level 4 of the Spider Nest
 27974 | Spider:4 | Found a glacial archway.
 28026 | IceCv    | Entered an ice cave
 28057 | IceCv    | Reached XP level 18. HP: 61/160 MP: 18/18
 28734 | IceCv    | >ELEVEN (11) POTIONS OF HASTE
 28766 | IceCv    | Reached skill level 21 in Dodging
 28779 | IceCv    | Identified the ring "Kyuroam" {Wiz rC- rN+ Will+ Dex+2}
 28781 | IceCv    | +1 potion of haste back here. :)
 29508 | Spider:4 | Got a gossamer rune of Zot
 29552 | Spider:4 | +1 boots of stealth, resistance scarf, and repulsion scarf
                  | in southeastern endvault.
 30457 | Lair:2   | Killed Tollund's ghost
 30718 | D:3      | Killed Bronimir's ghost
 31176 | Vaults:1 | Entered Level 1 of the Vaults
 31454 | Vaults:1 | Reached skill level 22 in Dodging
 31468 | Vaults:1 | Got the Annotations on Jinxing
 31569 | Vaults:1 | Noticed Saint Roka
 31628 | D:13     | Killed Saint Roka
 31866 | Vaults:1 | Reached skill level 5 in Armour
 32043 | Vaults:1 | Paralysed by a sphinx for 2 turns
 32057 | Vaults:1 | Found a runed translucent gate.
 32057 | Vaults:1 | Noticed trckry's ghost (adept MiFi)
 32058 | Vaults:1 | Found a runed translucent gate.
 32058 | Vaults:1 | Found a runed translucent gate.
 32059 | Vaults:1 | Identified the +0 plate armour of the Lair of Beasts {rElec
                  | rPois rC+ SInv}
 32290 | Vaults:1 | Reached XP level 19. HP: 133/170 MP: 19/19
 32525 | Vaults:1 | Identified the ring of Enanuar {rElec rF+ rC+ Will+ Dex-5}
 32596 | Vaults:2 | Noticed Boris
 32617 | Vaults:2 | Killed Boris
 32713 | Vaults:2 | Found Odov's Jewellery Boutique.
 33913 | Vaults:2 | Reached skill level 10 in Evocations
 34074 | Vaults:2 | Found Yhaynel's Weapon Shop.
 34085 | Vaults:2 | Reached skill level 1 in Invocations
 34641 | Vaults:3 | Found Laperr's Antique Armour Shop.
 34653 | Vaults:3 | Bought a pitted leather armour for 154 gold pieces
 34653 | Vaults:3 | Identified the +1 leather armour of the Cicada {rElec
                  | Slay+2} (You bought it in a shop on level 3 of the Vaults)
 34717 | Vaults:3 | Found a staircase to the Crypt.
 34802 | Vaults:3 | Noticed Mennas
 34844 | Vaults:3 | HP: 6/172 [Mennas/+2 eudemon blade of holy wrath (17)]
 34849 | Vaults:3 | I really shouldn't have bothered with Mennas.
 34999 | Vaults:3 | Found Veipnou's Assorted Antiques.
 35194 | Vaults:3 | Found Inintex's Antique Armour Shop.
 35287 | Vaults:4 | Reached XP level 20. HP: 180/180 MP: 23/23
 35348 | Vaults:4 | Noticed Donald
 35352 | Vaults:4 | Killed Donald
 35355 | Vaults:4 | Found a runed translucent gate.
 35356 | Vaults:4 | Found a runed translucent gate.
 35357 | Vaults:4 | Found a runed translucent gate.
 35357 | Vaults:4 | Found an opulent altar of Gozag.
 35358 | Vaults:4 | Found Mieru's Assorted Antiques.
 35359 | Vaults:4 | Noticed Dacon's ghost (adept MiGl)
 35450 | Vaults:4 | Reached skill level 10 in Throwing
 35822 | Vaults:4 | Reached skill level 5 in Invocations
 36345 | Vaults:4 | Paralysed by a formless jellyfish for 1 turns
 36744 | Vaults:4 | Paralysed by a sphinx for 2 turns
 37729 | Vaults:3 | Demolished by a deep elf annihilator simulacrum

Illustrated notes ##.#.# ##>.#####.. #..>## #.#........ #..## ##..###.... #..### ###.# .. #....###...# #.....#....# #..#.###.#.# #..#.#>#.#.# #....@.....# #......##### #.......# #.......# #.......# .........# .......#### ....... ...... Turn 51 on D:1: Starting vault: 4 downhatches ....# #.# ..#.# #####.# #.#.# #.....# ..# #.##### ..# # ##########.#####.# .##.# #..........)†....# ....# #.########.####### >########.########...# ................@....# #########.############ ..........# ########### Turn 175 on D:1: +1 whip of venom in south ..#...#........ #.#.#.......... . #.#.+.......... ...####.###.......... ..................... ######..##.....###### #......#.....# #.#.#.)#####.# .. #...(@...#.# ..... ######B.....# .... ......# ... ....... #.# #...... #.# ...... #.# ...... #.# ...... #####.# Turn 1529 on D:1: +0 whip of elec on kobold #.# ### #.# #.. #.######.# ##### #........# ### #...# #.##.##..# ....#...### #.##.##..# ###.......#####.##.....< ...........)....#####... ...oo.$@..#####.# #.## ...o#...### #... ... . #...# #.###### ##### #.# ..# #.# #.# Turn 2087 on D:3: At least two orc priests! ,,,,,,,**,**,,,,,,,,,,,,,,,,,,,,, ,,,>,****.,****,,,,,,,,,,,,,,,**, ,,,,,* *#.* *******,,,*,,,****, ****** ##.##########,,,**,** *, #.........~~#,,,**** ** ****** #........~~~#,,,* **** ,,,,,* #(......~~~~#,,,* *,,, ****,* #....(...~~~#,,,* *,*, ****,***#.._)...@~~~#*,** *,*, **,,,,,,#..♣......~~#,,* *,*, **,*,***#..(.......~#,***** *,*, ,,,,,* ######.######.,*,,*****,, ****** #.##.#......,,,**,8,*** #.##........,,,*,,,,,** #)..........,,,+,***,,* #.#...#..#..,,,+,,,,,,* #.##..#.....,,,+,***,,* Turn 2251 on D:3: A pleasant place. :) ########### ##.........## ##...#######.## #####....#.8.8.#..# #.....#.##.....##.## #.......#.^8.8.^#..# #.......#@^.^..^'..# #.......#..8.8^.#..# #.......##.^.^.##..# #####....#.8.8.#...# ##### #.......#######.#.# .....# #.....##.... . .# .....# #.....# ..## .. ## .....####.....##.###### ..............)..<..... Turn 4604 on D:5: Ossuary in northeast. ............... .......Z....... ....Z.....Z.... ............... ..Z.........Z.. ............... ............... .Z.....@∩....Z. ............... ............... ..Z.........Z.. ............... ....Z.....Z.... .......Z....... ............... Turn 4606 on Ossuary: Ossuary entrance: surrounded! #...................# #..............#.#... ##)##...............). #..## #.#..##......... ##..### # ##....>.... ##...######...###.... #.......##..#..##.... #..#.#.....[##....... ##..#@##.....# .###### ##....####..### .. #.....# ##.# ... ##...## #..# .... #...# ..... ... ##..# #.#.. #### ####.# Turn 6646 on D:7: +2 robe of cold resistance on Jeremiah ###..###+###. . #....#?.^$.#. ..##....#..$..#. .......$#$._$.#. O.......#$..$.#. #......#.....#.#. ##.....#######.... #[. #.@.........# ##...##....#...##.# .. #..........#...#..###. .. ###.###....#....# ... ... ##.....#..##.. #... ##.......#..##.... ###..##.##......# ##..#.........# ##.#.........# Turn 6730 on D:7: two-headed ogre in west ##### ##### #≈≈≈### ###≈≈≈#### ~~~~~~####~~~~~≈≈≈### .......##...........## ................@....# .......##............## ......####............# ...#### ####.........# .##### #####.......## ##...## ##...##.......# #.....# #.....#.......## +.._..# #.._..+........# #.....# #.....#.......## Turn 6809 on Temple: Temple: cowry shell ###+##+###### #...........# #.......!.# #...@.....# +...y...Y.# ##.......Y# #........# #......Y.# #........# #...Y....# #........# Turn 7599 on D:9: Hornet + 4 yaks ..#.#....#.#.#..# ###..........#..# ..#.#.=.######..# ..#.##......##..# ..#.##.####.##..# ##+.##.# #.....# ### ....##.## #.###.# #JJJ# .....[..# #.# #.##JJJJJJ ........# #.# #.@J.JJJPJ ......#.###.# #.##JPJJJJ ......#...#.# #.# #JJP# [...#####.#.# ### ### ......#...#.# ......#...#.# ........#.#.# ........#.#.# ##....#.....# Turn 8883 on D:8: Slime chamber towards center! #..# #.....#.##########.# #..# #.###.#.#.. #.# #..# #.###...#.# #.# #..# ##.#.#.###.# #.# #..####...#..# #.# ..# #..........#.###.# #.## #.###.......#)...# #. #.# ##.....#.##..## #. #.# ##...#.####@:# .. #.# ##.#.#####.## #. #.# #.#.#.....# #.# #.#.#.###.# #.# #..#..# #.# #.# #.....# #.# ..# #..##......c ########..# ##.##.# ..........### ... Turn 9507 on D:8: manual of stealth #.####.###.#.## #.. ##.## #.....#.# . ##...# #######.# #....# #+# #....# #.#### #.##.## #######.#...#### .............@.+ ####..[......### #.#####.#.# #. #.#.# # #.#.# #.#.# #.#.# ....# Turn 11569 on D:10: phial of floods :) .## ...### 8..... ......# .o.[...## o.o..8..##### ..oo...@....# ..o...#####.# 8.... #.# ...# #.# .# #.# #######.# #### #.......# #..# #<####### #..# #.# Turn 12314 on D:11: barding by orcish mines

.~~~~~~~~~~..##~~#8~#~#~#~##.#
..~~~~~~~#.~~~~~P~.P#~~~#~~~~##
..~~~~.~~#~~~~~P~.P~#~#~~~~~~~#
.~~#~~~~8#⌠~~~~~P~~⌠#.~~~~~#~~#
..~#~~~################~#~##.P##
.~~~~~~~~~~PP.~~~~~~~P~~~~.~..P#
..~~~~~~~~~~~~~~~~~.~P~~~~~~..##
..##~~#~~~.#~~~~~P~#~~#~.†##~.#
.~#~~P##~~#~~~##@~##~.##~~.#~.#
....~..††.....~~~...~~...~...~#
......~~P~...#~~~~.P........#.#
......#~##..###....P........###
............................##
.............................#
.............................#
...........................<##
.............................#


Turn 18360 on Lair:5: Lair endvault: Merfolk avatar flooded ruin. Contains
manticores, hornets, whatnot. #......# ##....... ##.....# ######## ##.#....
#....## #...... ##...... ##.....# +...... #....... #.))...# #o.o.o. ##..#..#
#..)...##########+# #...... ##..)#.....#......####### ##.#...
#..........#...ogo##.##.## ###... .).........#..oo@)#......### ##..
#..........##'##'###.....#.## ### ###................###..#...# #
###...............###......## .................#.#......##
.####.©.####............### ## #####. ##....)....### .#.!?$? .$ #....)...## ..
###W .##.##.)....## Turn 23569 on Orc:1: Uncommon hobgoblins in Orcish Mines.
............†.†..#†)## ..(..............††..## .......†.†.......# ........
..........†......### ........ ...................# ........ .......†......#....#
........ .....................# ........ ....^#..†............. ........
..##.##@............... ............y††y................
<.........#†................... ......... #.!†!#.........?... .........
#..!............ §.............!#......... §§§..........! ....>....
§§§§......#.## #......^. §§§...... Turn 24301 on Spider:1: BLACK BEAR CORPSES IN
BEE VAULT ##8## ##...## ##.....## #.......# #.......# #.......# #.......#
#.......# ####@#### #.....?.# #.......# #[......# #.......# #.......# ##.....##
##...## ##.## Turn 28734 on IceCv: >ELEVEN (11) POTIONS OF HASTE #########
#=[):($:# #$@....)# #$.....!# #...§§§.# #§.§§.§.# ##§§§§§## ##§§§## ##†##
##§§§## ##.....## Turn 28781 on IceCv: +1 potion of haste back here. :)
.^...††......###'###,,~* ...........###.....###,* .#.#^......#.........#^*
##.###....##^...^....##* #...##....#....^#.....# ^....##...'..^.###..[.#
...[.....^#....^#.....# .....##^..##....^....## #...##.....#....@...[#
##^###..^..###.[...### .#^#.~.......####### ...)...........# #.........÷~~.##
##.....######## ####.~# #### Turn 29552 on Spider:4: +1 boots of stealth,
resistance scarf, and repulsion scarf in southeastern endvault. . .. ...
########## .... ######## #........#..... .......# #........'..... .......#
#......@.# .......# #........# .......# #........# .......# #?.......# .......#
#........# .......# #........# ################### ...................
................... Turn 34849 on Vaults:3: I really shouldn't have bothered
with Mennas.

Levels and vault maps discovered:
D:1:      onia_arrival_handbag, layout_basic
D:2:      layout_basic, uniq_natasha, uniq_terence, uniq_robin
D:3:      layout_loops_cross, nzn_wu_jian_contemplation,
          gammafunk_ghost_nasty_kobolds, serial_bayou_lagoon_a
D:4:      minmay_diamond_boxcup, layout_gridville, minmay_shop_grid_forest
D:5:      layout_basic, nicolae_uskayaw_suspiria,
          mainiacjoe_ossuary_entry_dusty_tomb
D:6:      layout_loops_ring, serial_shops, shop, shop,
          nicolae_shop_hallway_stairs, nicolae_shop_dealshenge,
          nicolae_shop_window_shopping, st_stairs_2,
          hangedman_abyss_or_decor_jellyfish_corner
D:7:      layout_cave_pools, vehumet_statue,
          nicolae_kikubaaqudgha_miasma_corner, kennysheep_mini,
          amcnicky_altar_gilded, temple_hall, hangedman_abyss_or_decor_slice,
          uniq_pikel, uniq_jeremiah
D:8:      lemuel_slime, layout_loops_ring, nicolae_ru_great_annihilating_truth,
          gammafunk_temple_overflow_forgotten, mainiacjoe_overflow_paths,
          minmay_manual_monolith, uniq_psyche
D:9:      layout_irregular_city
D:10:     layout_loops_corners
D:11:     layout_basic, dpeg_lair_monsters, david_orc_2,
          minmay_fractal_squares_gapless_7
D:12:     layout_roguey, serial_shops, shop
D:13:     kennysheep_funnel, layout_rooms, ximxim_vaults_locker_room,
          serial_corexii_hall, corexii_hall_statues_l,
          corexii_hall_statues_deadend, drop_trap
D:14:     layout_cave_pools, minmay_staircase_windowed_large
D:15:     gammafunk_enter_depths_forms, layout_cave_pods,
          nicolae_ashenzari_skybound, minmay_misc_feat_iff, st_stairs_3,
          nzn_hepliaklqana_mist_gate
Temple:   minmay_temple_curvy_loop
Lair:1:   layout_misc_corridors, lemuel_fruit_fields
Lair:2:   layout_concentric_octagons, maelrawn_ghost_gauntlet_escape,
          fungi_pond_lemuel
Lair:3:   layout_cave_pods, nicolae_shoals_entry_roost, spider_nest_entry_webs,
          grunt_megastairs_5
Lair:4:   layout_roguey, slime_entry_1
Lair:5:   gammafunk_lair_ancient_temple, layout_big_grid, serial_bayou_shore_a
Spider:1: nicolae_spider_corner, special_room [special_room_bee]
Spider:2: layout_chambers, nicolae_spider_swamp_cousins, uniq_nikola
Spider:3: layout_spider_delve, special_room
Spider:4: hellmonk_spider_rune_endless_swarm, portal_ice_cave_entry_pillars_1
Orc:1:    cheibrodos_orc_bank, layout_caves, gammafunk_ghost_berserking_beasts,
          serial_shops, nicolae_shop_tiny_glass, uniq_erolcha
Orc:2:    st_orc_town, layout_caves, basic_altar, nicolae_orc_quarried_blocks,
          uniq_nessos
Vaults:1: biasface_ghost_orc_armoury, v_misc_22, vaults_dpeg_spiral,
          nicolae_vaults_tetromino_Z_1, hangedman_vaults_impose,
          hangedman_vaults_slice, hangedman_vaults_slice,
          nicolae_vaults_trapezoid_lopsided_1, nicolae_vaults_sesquioval_fish,
          v_misc_18, nicolae_vaults_double_plus_1, nicolae_vaults_tetromino_L_1,
          nicolae_vaults_tetromino_T_2, layout_vaults_maze_snakey,
          uniq_saint_roka
Vaults:2: nicolae_vaults_an_arrangement, nicolae_vaults_trapezoid_lopsided_2,
          v_rooms_6, nicolae_vaults_taking_the_gang_shopping,
          ontoclasm_vaults_tryst, vaults_mumra_minichess_inversion,
          hangedman_vaults_trim, nicolae_vaults_house_3,
          layout_vaults_chaotic_city, serial_shops, nicolae_shop_waterfront,
          uniq_boris
Vaults:3: minmay_crypt_entry_simple_statues, st_eye,
          nicolae_vaults_closet_pinwheel_1, vaults_room_door_hall,
          grunt_vaults_hallway_short, vaults_room_boxed, ontoclasm_vaults_chip,
          nicolae_vaults_circle_grid_a, vaults_dpeg_encased_lava,
          nicolae_vaults_trapezoid_3, nicolae_vaults_asterisk,
          nicolae_vaults_closet_pinwheel_6, layout_vaults_ring, serial_shops,
          nicolae_shop_scrapyard, shop, shop, shop, uniq_mennas
Vaults:4: ebering_ghost_gozag, lightli_church_of_beogh, v_misc_16,
          hangedman_vaults_trim, v_misc_23, grunt_vaults_twisty,
          nicolae_vaults_tetromino_L_2, v_misc_5,
          nicolae_vaults_storage_closets_3, nicolae_vaults_apartment_1,
          grunt_vaults_focal, grunt_vaults_swirl, layout_vaults_omnibox,
          uniq_donald

Skill      XL: |  1  2  3  4  5  6  7  8  9 10 11 12 13 14 15 16 17 18 19 20 |
---------------+-------------------------------------------------------------+-----
Long Blades    | 4 5 6 7 8 10 13 14 | 14.8
Stealth        | 1 2 3 6 11 15 18 19 20 | 20.7
Dodging        | 5 6 8 11 13 14 15 17 18 20 22 | 22.0
Fighting       | 3 5 7 9 11 13 14 15 16 17 19 20 21 | 21.4
Armour         | 1 2 4 5 6 |  6.0
Evocations     | 1 3 5 6 8 10 | 10.0
Throwing       | 4 5 7 9 10 | 10.0
Shields        | 4 5 7 |  7.6
Invocations    | 4 5 |  5.0

Action                     |  1- 3 |  4- 6 |  7- 9 | 10-12 | 13-15 | 16-18 | 19-21 || total
---------------------------+-------+-------+-------+-------+-------+-------+-------++-------
  Melee: Long sword        |    57 |   246 |   322 |   659 |   675 |       |       ||  1959
         Unarmed           |     7 |     9 |     1 |       |       |       |       ||    17
         Punch             |       |     4 |     5 |     8 |     6 |       |       ||    23
         Tailslap          |       |       |       |    15 |    20 |    39 |     6 ||    80
         Scimitar          |       |       |       |       |   308 |  1458 |  1054 ||  2820
  Throw: Stone             |     1 |    15 |     8 |    21 |    15 |    62 |    16 ||   138
         Javelin           |     1 |     2 |       |     2 |       |     6 |     1 ||    12
         Throwing net      |     1 |       |     1 |     3 |     3 |     1 |       ||     9
         Dart              |       |       |    12 |    18 |    10 |    30 |     2 ||    72
         Boomerang         |       |       |       |     1 |       |       |     4 ||     5
 Invoke: Shadow Step       |       |       |       |       |       |     8 |     1 ||     9
  Evoke: Wand              |       |     1 |     1 |     5 |     2 |    12 |     4 ||    25
         Phial of floods   |       |       |       |     1 |       |     1 |     2 ||     4
    Use: Potion            |       |     1 |     1 |     2 |     1 |    12 |    11 ||    28
         Scroll            |       |     9 |    16 |     8 |     7 |    12 |     7 ||    59
   Stab: Sleeping          |     2 |     6 |     2 |     8 |    60 |    50 |    31 ||   159
         Paralysed         |       |       |     5 |     4 |       |       |       ||     9
         Held in net/web   |       |       |     1 |     1 |     3 |       |       ||     5
         Distracted        |       |       |       |     1 |     4 |     4 |     4 ||    13
 Armour: Leather armour    |    17 |       |       |   169 |   203 |   385 |   257 ||  1031
         Skin              |     8 |     4 |     1 |       |       |       |       ||    13
         Ring mail         |     6 |   162 |   216 |       |       |       |       ||   384
         Robe              |       |       |     6 |   118 |       |       |       ||   124
         Troll leather arm |       |       |       |     5 |       |       |       ||     5
  Dodge: Dodged            |    44 |   203 |   259 |   575 |   812 |  1891 |  1351 ||  5135
  Block: Buckler           |       |       |       |       |   224 |   849 |   567 ||  1640
